Map: Kairos Junction LE

Players

llllllllllll

  • Race: Protoss Protoss
  • League: Master
  • Spawn Location: 5:00

Pancakes - Winner!

  • Race: Protoss Protoss
  • League: Master
  • Spawn Location: 11:00

VOD

Have the link to the VOD?

Description

Time

  • Played on: July 18, 2019, 3:42 p.m.
  • Length: 6:32
Show
View Real Time Build Order
Export as new Build Order

llllllllllll Protoss 

Build Orders:  

Get SALT Encoding   

  12  0:01  Probe  
  13  0:13  Probe  
  14  0:18  Pylon  
  14  0:21  Probe  
  15  0:32  Probe  
  15  0:38  Gateway  
  16  0:43  Probe  
  16  0:47  Assimilator  
  17  0:55  Probe  
  17  0:56  Assimilator  
  18  1:06  Probe  
  19  1:14  Gateway  
  19  1:15  Probe  
  19  1:23  Probe  
  20  1:28  Cybernetics Core  
  21  1:33  Probe  
  22  1:46  Probe  
  23  1:51  Pylon  
  23  1:55  Warp Gate  
  23  2:09  Adept x2  
  23  2:12  Robotics Facility  
  27  2:39  Stalker x2, Pylon  
  31  2:50  Immortal  
  31  3:02  Gateway  
  35  3:13  Stalker  
  35  3:17  Stalker  
  39  3:38  Pylon  
  39  3:55  Warp Prism  
  39  4:02  Stalker  
  43  4:03  Stalker x2  
  47  4:16  Pylon  
  41  4:31  Stalker x2  
  41  4:52  Stalker  
  41  4:55  Stalker x2  
  45  5:19  Stalker x2  
  45  5:20  Stalker  
Show
View Real Time Build Order
Export as new Build Order

Pancakes Protoss - Winner!

Build Orders: Nexus First 

Get SALT Encoding   

  12  0:00  Probe  
  13  0:12  Probe  
  14  0:18  Pylon  
  14  0:24  Probe  
  15  0:37  Probe  
  16  0:49  Probe  
  17  1:01  Nexus  
  17  1:04  Probe  
  18  1:16  Gateway  
  18  1:17  Probe  
  19  1:23  Assimilator  
  19  1:28  Assimilator  
  19  1:30  Probe  
  20  1:42  Forge  
  20  1:45  Probe  
  21  1:56  Probe  
  22  2:03  Cybernetics Core  
  22  2:04  Probe  
  23  2:13  Probe x2  
  25  2:23  Photon Cannon  
  25  2:25  Probe  
  25  2:26  Probe  
  28  2:37  Probe  
  28  2:39  Stargate  
  28  2:41  Probe  
  29  2:49  Probe  
  30  2:54  Probe  
  30  2:55  Stargate  
  31  2:59  Assimilator  
  31  3:02  Assimilator  
  31  3:04  Probe  
  32  3:06  Probe  
  32  3:11  Void Ray  
  33  3:16  Probe  
  33  3:18  Pylon  
  38  3:34  Pylon  
  38  3:36  Probe x2  
  40  3:42  Void Ray  
  44  3:57  Shield Battery  
  44  4:09  Shield Battery  
  48  4:12  Shield Battery  
  48  4:14  Probe  
  49  4:24  Void Ray  
  49  4:35  Pylon  
  49  4:42  Void Ray  
  49  4:50  Pylon  
  49  4:57  Shield Battery  
  49  4:58  Pylon  
  53  5:03  Probe, Shield Battery  
  53  5:04  Pylon  
  54  5:07  Pylon  
  54  5:08  Probe  
  55  5:15  Probe  
  55  5:17  Void Ray  
  55  5:19  Void Ray  
  57  5:46  Probe x2  
  59  5:58  Probe x2  
  59  6:03  Robotics Facility  
  61  6:10  Probe  
Tags
 
Add a new tag
Caveats
  • Supply blocks, unpowered buildings, or Contaminate may cause inaccurate times.
  • Supply counts are checked every 10 seconds.